 Dungeon Crawl Stone Soup version 0.25-a0-734-g73332aeda9 (webtiles) character file.

Game seed: 10563973965549077986, levelgen mode: deterministic

5 Kiturien the Vandal (level 1, 0/14 HPs)
             Began as a Halfling Hunter on Apr 10, 2020.
             Slain by a gnoll
             ... wielding a +0 spear
              (4 damage)
             ... on level 1 of the Dungeon.
             The game lasted 00:05:42 (182 turns).

Kiturien the Vandal (Halfling Hunter)                Turns: 182, Time: 00:05:42

Health: 0/14       AC:  4    Str: 13    XL:     1   Next: 88%
Magic:  1/1        EV: 14    Int:  9    God:
Gold:   0          SH:  0    Dex: 14    Spells: 0/0 levels left

rFire    . . .     SeeInvis .   e - -3 hunting sling (curse)
rCold    . . .     Gourm    .   (shield restricted)
rNeg     . . .     Faith    .   c - +0 leather armour
rPois    .         Spirit   .   h - +0 helmet (curse)
rElec    .         Reflect  .   (no cloak)
rCorr    .         Harm     .   (no gloves)
MR       .....                  (no boots)
Stlth    +.........             (no amulet)
HPRegen  0.04/turn              (no ring)
MPRegen  0.07/turn              (no ring)

@: no status effects
A: small, mutation resistance 1
a: no special abilities


You were on level 1 of the Dungeon.
You were full.

You visited 1 branch of the dungeon, and saw 2 of its levels.

Inventory:

Hand Weapons
 a - a +1 hunting sling
 b - a +0 short sword
 e - a cursed -3 hunting sling (weapon)
Armour
 c - a +0 leather armour (worn)
 h - a cursed +0 helmet (worn)
Comestibles
 g - a chunk of flesh


   Skills:
 + Level 1.7 Fighting
 + Level 6.3 Slings
 + Level 2.2 Dodging
 + Level 1.1 Stealth


You couldn't memorise any spells.
You didn't know any spells.
Your spell library was empty.

Dungeon Overview and Level Annotations

Branches:
Dungeon (2/15)

Altars:

Annotations:
D:2 Robin


Innate Abilities, Weirdness & Mutations

You are small and have problems with some larger weapons.
You are somewhat resistant to further mutation.


Message History

The bat closely misses you. The bat closely misses you. The bat misses you.
The bat hits you. The bat closely misses you. The bat barely misses you.
The bat hits you but does no damage. The bat hits you.
The bat closely misses you. The gnoll closely misses you.
The bat hits you but does no damage. The bat barely misses you.
The bat closely misses you. The bat misses you.
You clumsily bash the bat but do no damage.
The bat barely misses you. The bat hits you but does no damage.
The gnoll misses you. The bat hits you but does no damage. The bat hits you.
* * * LOW HITPOINT WARNING * * *
The bat barely misses you.
You eat the ration.
That ration really hit the spot!
The bat barely misses you.
The gnoll hits you from afar with a +0 spear.
You die...

#(## ... #((# #.# ##(##
#.## #.(( #.. ##.# #.#
####### #() ########.#
#+##≈≈≈≈≈####(
#........###8........###(
#.....†.@'.........<..##.
#........###8........###.
########bg.#'##≈≈≈≈≈###..
###.g..#######....
####.........÷.#
#....#.###..# #.(..#.#
##.# #....#g####.>
#....#g......


You could see a gnoll and a bat.

Vanquished Creatures
  2 goblins (D:1)
  A hobgoblin (D:1)
  3 frilled lizards (D:1)
6 creatures vanquished.

Notes
Turn   | Place    | Note
-------+----------+-------------------------------------------
     0 | D:1      | Kiturien the Halfling Hunter began the quest for the Orb.
     0 | D:1      | Reached XP level 1. HP: 14/14 MP: 1/1
    14 | D:1      | Reached skill level 6 in Slings
   157 | D:2      | Noticed Robin
   182 | D:1      | Slain by a gnoll

Levels and vault maps discovered:
D:1:      wander_arrival_chamber, layout_basic, minivault_5
D:2:      layout_loops_ring, uniq_robin, uniq_jessica, uniq_natasha

Skill      XL: |  1 |
---------------+----+-----
Slings         | 6 |  6.3
Fighting       | |  1.7
Dodging        | |  2.2
Stealth        | |  1.1

Action                   || total
-------------------------++-------
Melee: Hunting sling     ||     8
 Fire: Hunting sling     ||    34
  Use: Potion            ||     1
  Eat: Ration            ||     1
Armor: Leather armour    ||    28
Dodge: Dodged            ||    80

Table legend:
 A = Non-vault XP
 B = Vault XP
 C = Vault XP percentage of total XP
 D = Non-vault monster count
 E = Vault monster count
 F = Vault count percentage of total count
                 A         B        C        D         E       F
            +---------+---------+-------+---------+---------+-------
      Total |       8 |       0 |   0.0 |       6 |       0 |   0.0
            +---------+---------+-------+---------+---------+-------
        D:1 |       8 |       0 |   0.0 |       6 |       0 |   0.0
            +---------+---------+-------+---------+---------+-------
